 Dungeon Crawl Stone Soup version 0.30-a0-989-g0d87f670db (webtiles) character file.

Game seed: 6421593481595509168

18 Maxmaps the Ruffian (level 2, -2/25 HPs)
             Began as a Draconian Transmuter on Apr 3, 2023.
             Slain by a hobgoblin (3 damage)
             ... on level 1 of the Dungeon.
             The game lasted 00:00:35 (619 turns).

Maxmaps the Ruffian (Draconian Transmuter)           Turns: 619, Time: 00:00:35

Health: -2/25      AC:  4    Str: 12    XL:     2   Next: 48%
Magic:  4/5        EV: 12    Int: 13    God:
Gold:   28         SH:  0    Dex: 11    Spells: 4/5 levels left

rFire   . . .      SeeInvis .      - Unarmed
rCold   . . .      Faith    .    (no shield)
rNeg    . . .      Spirit   .    (body armour unavailable)
rPois   .          Reflect  .    (helmet currently unavailable)
rElec   .          Rampage  .    (no cloak)
rCorr   .                        (no gloves)
Will    .....                    (boots currently unavailable)
Stlth   +                        (no amulet)
HPRegen 0.24/turn                (no ring)
MPRegen 0.09/turn                (no ring)

@: lethally poisoned (-2 -> -4), appendages (expiring)
A: horns 2, talons 2, AC +4, unfitting armour, cold-blooded
a: End Transformation


You were on level 1 of the Dungeon.
You had temporarily grown beastly horns and talons.
You visited 1 branch of the dungeon, and saw 2 of its levels.

You collected 28 gold pieces.

Inventory:

Scrolls
 c - a scroll of identify {unknown}
 d - 2 scrolls of noise {unknown}
 f - a scroll of acquirement {unknown}
Potions
 a - a potion of lignification
 b - 2 potions of curing {unknown}
 e - a potion of brilliance {unknown}


   Skills:
 + Level 2.8 Fighting
 - Level 1.7 Dodging
 - Level 3.0 Unarmed Combat
 - Level 2.0 Spellcasting
 - Level 2.0 Transmutations


You had 4 spell levels left.
You knew the following spells:

 Your Spells              Type           Power      Damage    Failure   Level
a - Beastly Appendage     Tmut           12%        N/A       11%         1

Your spell library contained the following spells:

 Spells                   Type           Power      Damage    Failure   Level
 Wereblood                Tmut           6%         N/A       17%         2
 Spider Form              Tmut/Pois      3%         N/A       45%         3
 Ice Form                 Ice/Tmut       3%         N/A       86%         4


Dungeon Overview and Level Annotations

Branches:
Dungeon (2/15)

Altars:


Innate Abilities, Weirdness & Mutations

You have temporarily grown beastly horns and talons.
Your plain brown scales are hard. (AC +4)
You cannot fit into any form of body armour.
You are cold-blooded and may be slowed by cold attacks.


Message History

The adder is heavily wounded.
You feel sick. The hobgoblin barely misses you. The adder barely misses you.
You miss the adder. Your kick misses the adder.
The adder is heavily wounded.
You feel sick. The hobgoblin completely misses you.
The adder barely misses you.
You are too injured to fight recklessly!
You are too injured to fight recklessly!
You are too injured to fight recklessly!
You are too injured to fight recklessly!
You are too injured to fight recklessly!
You are too injured to fight recklessly!
You are too injured to fight recklessly!
You are too injured to fight recklessly!
You are too injured to fight recklessly!
You are too injured to fight recklessly!
You are too injured to fight recklessly!
You are too injured to fight recklessly!
You are too injured to fight recklessly!
You are too injured to fight recklessly!
You are too injured to fight recklessly!
You are too injured to fight recklessly!
You are too injured to fight recklessly!
You are too injured to fight recklessly!
You are too injured to fight recklessly!
You are too injured to fight recklessly!
You closely miss the adder.
The adder is heavily wounded.
You feel sick. The adder bites you but does no damage. The hobgoblin hits you.
You hit the adder.
The adder is severely wounded.
You feel sick. The adder bites you.
* * * LOW HITPOINT WARNING * * *
The hobgoblin hits you.
* * * LOW HITPOINT WARNING * * *
You hit the adder.
You kill the adder!
* * * LOW HITPOINT WARNING * * *
You feel sick. The hobgoblin hits you.
You die...

####### #.# #.####....# #.#
#.# #.#.## ##.# #.# #.###
#..# #.# #.# #.## #.# #.#
#.# #.# #.# #.# #######.#
#.# ###
#.#####.g.†...####.#
..######........@.........#
....÷....#####.############
#........#####.#
##.####........# #.#
##.####### #.# #.#
#.#####.# #.......#
#########


You could see a hobgoblin.

Vanquished Creatures
  An adder (D:1)
  A dart slug (D:1)
  A bat (D:1)
  2 giant cockroaches (D:1)
  2 goblins (D:1)
  2 hobgoblins (D:1)
  A kobold (D:1)
  A ball python (D:1)
  5 rats (D:1)
16 creatures vanquished.

Notes
Turn   | Place    | Note
-------+----------+-------------------------------------------
     0 | D:1      | Maxmaps the Draconian Transmuter began the quest for the
                  | Orb.
     0 | D:1      | Reached XP level 1. HP: 16/16 MP: 3/3
   121 | D:1      | Reached XP level 2. HP: 18/25 MP: 5/5
   619 | D:1      | HP: 1/25 [poisoned by an adder]
   619 | D:1      | Slain by a hobgoblin

Illustrated notes

Levels and vault maps discovered:
D:1:      giann_bridges, layout_loops_ring
D:2:      layout_rooms

Skill      XL: |  1 |
---------------+----+-----
Fighting       | 2 |  2.8
Dodging        | |  1.7
Unarmed Combat | |  3.0
Spellcasting   | |  2.0
Transmutations | |  2.0

Action                     || total
---------------------------++-------
  Melee: Unarmed           ||    62
         Tailslap          ||     7
         Punch             ||     2
         Headbutt          ||     1
   Cast: Beastly Appendage ||     2
 Armour: Skin              ||    26
  Dodge: Dodged            ||    45

Table legend: (Time is in decaauts)
 A = Elapsed time spent in this place.
 B = Non-inter-level travel time spent in this place.
 C = Inter-level travel time spent in this place.
 D = Time resting spent in this place.
 E = Time spent auto-exploring this place.
 F = Levels seen in this place.
 G = Mean time per level.
                   A        B        C        D        E       F      G
               +--------+--------+--------+--------+--------+-----+--------+
         Total |    615 |    583 |     32 |      0 |    452 |   2 |  307.5 |
       Dungeon |    615 |    583 |     32 |      0 |    452 |   2 |  307.5 |
               +--------+--------+--------+--------+--------+-----+--------+

Top non-repeatable levels by time:
     D:1: 611 daAuts
     D:2: 4 daAuts
